 Dungeon Crawl Stone Soup version 0.31-a0-233-g139696dc86 (webtiles) character file.

Game seed: 1339012060629251896

287 greasedhog the Chopper (level 6, -4/39 HPs)
             Began as a Tengu Fighter on July 10, 2023.
             Slain by an ogre
             ... wielding a +0 giant spiked club
              (11 damage)
             ... on level 4 of the Dungeon.
             The game lasted 00:02:34 (2306 turns).

greasedhog the Chopper (Tengu Fighter)              Turns: 2306, Time: 00:02:34

Health: -4/39      AC:  8    Str: 24    XL:     6   Next: 30%
Magic:  7/7        EV: 11    Int:  8    God:
Gold:   233        SH:  5    Dex: 14    Spells: 5/5 levels left

rFire   . . .        a - +0 war axe
rCold   . . .        c - +0 buckler
rNeg    . . .        b - +0 scale mail
rPois   .            (helmet restricted)
rElec   .            t - +0 cloak
rCorr   +            (no gloves)
SInv    .            (boots unavailable)
Will    .....        (no amulet) Stlth
                     q - ring of resist corrosion
HPRegen 0.26/turn    l - +6 ring of strength
MPRegen 0.10/turn

%: no passive effects
@: mighty, flying quickly and evasively, quick
A: beak, talons 3, nimble flight
a: no special abilities


You were on level 4 of the Dungeon.
You visited 1 branch of the dungeon, and saw 4 of its levels.

You collected 233 gold pieces.

Inventory:

Hand Weapons
 a - a +0 war axe (weapon)
Armour
 b - a +0 scale mail (worn)
 c - a +0 buckler (worn)
 t - a +0 cloak (worn)
Jewellery
 l - a +6 ring of strength (right hand)
 q - a ring of resist corrosion (left hand)
 r - a ring of protection from fire
Wands
 m - a wand of flame (16)
Scrolls
 e - 2 scrolls of immolation
 j - 3 scrolls of teleportation {unknown}
 k - 2 scrolls of brand weapon
 o - a scroll of amnesia {unknown}
 s - a scroll of fear {unknown}
 u - a scroll of identify
Potions
 f - 2 potions of lignification
 g - a potion of resistance {unknown}
 h - 2 potions of enlightenment {unknown}
 i - 2 potions of curing {unknown}
 n - 2 potions of heal wounds {unknown}
 p - a potion of degeneration {unknown}


   Skills:
 + Level 4.6 Fighting
 * Level 5.9 Axes
 - Level 3.2 Armour
 - Level 3.0 Shields


You had 5 spell levels left.
You didn't know any spells.
Your spell library contained the following spells:

 Spells                   Type           Power      Damage    Failure   Level
 Blink                    Tloc           0%         N/A       88%         2
 Lesser Beckoning         Tloc           0%         N/A       88%         2
 Gell's Gravitas          Tloc           0%         N/A       98%         3
 Teleport Other           Tloc           0%         N/A       98%         3
 Volatile Blastmotes      Fire/Tloc      0%         2d10      98%         3
 Fulminant Prism          Conj/Hex       0%         3d5       100%        4
 Iskenderun's Mystic Bla  Conj/Tloc      0%         2d3       100%        4
 Manifold Assault         Tloc           0%         N/A       100%        4
 Blade Hands              Tmut           0%         N/A       100%        5
 Irradiate                Conj/Tmut      0%         3d11      100%        5
 Lee's Rapid Deconstruct  Erth           0%         3d4*      100%        5
 Dragon Form              Tmut           0%         N/A       100%        7
 Storm Form               Tmut/Air       0%         N/A       100%        7


Dungeon Overview and Level Annotations

Branches:
Dungeon (4/15)
 Temple: D:4-7

Altars:
Nemelex Xobeh
Sif Muna
Vehumet

Annotations:
D:4 2 runed translucent doors, Pooter's ghost, amateur TrHu


Innate Abilities, Weirdness & Mutations

You have a beak for a mouth.
You have claws for feet.
Your magical nature lets you fly swiftly and evasively.


Message History

Duvessa, Sister of Dowan comes into view.
She is wielding a +2 rapier of speed.
The scorpion barely misses you.
You slash the scorpion!
You kill the scorpion!
You hit the jackal but do no damage. You claw the jackal.
You kill the jackal!
The jackal barely misses you.
You slash the jackal!
You kill the jackal!
You closely miss the ball python. You claw the ball python.
You peck the ball python.
You kill the ball python!
You swing at nothing.
You hit Duvessa.
Duvessa is lightly wounded.
You hear the slow hiss of a very distant avalanche of sand.
Duvessa hits you with a +2 rapier of speed!
Duvessa hits you with a +2 rapier of speed.
You hit Duvessa but do no damage. You claw Duvessa, but do no damage.
You peck Duvessa, but do no damage.
Duvessa is lightly wounded.
You hear a shout!
Duvessa misses you. Duvessa barely misses you.
An ogre comes into view. It is wielding a +0 giant spiked club.
You hit Duvessa but do no damage. You peck Duvessa, but do no damage.
Duvessa is lightly wounded.
Duvessa barely misses you.
Duvessa hits you with a +2 rapier of speed.
You feel very mighty all of a sudden.
Duvessa hits you with a +2 rapier of speed.
You slice Duvessa!!
Duvessa is severely wounded.
Duvessa hits you with a +2 rapier of speed! x2
* * * LOW HITPOINT WARNING * * *
You block Duvessa's attack.
You slash Duvessa!
You kill Duvessa!
You hear a distant wail of despair.
The ogre hits you with a +0 giant spiked club!
You die...

#.........###..###...
#.........##~#≈.#.... e
#.........##.≈⌠.#....
.S#.........#.!~≈~+....
...:........##..#.+....
......$.....#≈...≈#..#.
.....h.†....###...#....
##O....##.##.#....
##@.....#######....
#........#.........
###.#..............
####..#...†.##...
#.#.....###...
#####...# ###. ......#
. #...###.# # #... ...


You could see an ogre.

Vanquished Creatures
  Duvessa (D:4)
  An ogre (D:2)
  A scorpion (D:4)
  An iguana (D:3)
  3 adders
  2 worms
  6 dart slugs
  9 endoplasms
  5 giant cockroaches
  2 goblins
  6 hobgoblins
  4 jackals
  2 quokkas
  10 ball pythons
  5 bats
  3 frilled lizards
  8 kobolds
  9 rats
78 creatures vanquished.

Notes
Turn   | Place    | Note
-------+----------+-------------------------------------------
     0 | D:1      | greasedhog the Tengu Fighter began the quest for the Orb.
     0 | D:1      | Reached XP level 1. HP: 14/14 MP: 2/2
   141 | D:1      | Reached XP level 2. HP: 19/19 MP: 3/3
   198 | D:1      | Reached skill level 3 in Axes
   583 | D:2      | Reached XP level 3. HP: 23/23 MP: 4/4
   918 | D:2      | Reached XP level 4. HP: 27/28 MP: 5/5
   940 | D:2      | Noticed an ogre
   947 | D:2      | Killed an ogre
   948 | D:2      | Reached skill level 4 in Axes
   948 | D:2      | Gained mutation: Your magical nature lets you fly swiftly
                  | and evasively. [Tengu growth]
   948 | D:2      | Reached XP level 5. HP: 5/33 MP: 6/6
  1251 | D:2      | Found a faded altar of an unknown god.
  1397 | D:3      | Found a shimmering blue altar of Sif Muna.
  1398 | D:3      | Found a sparkling altar of Nemelex Xobeh.
  1451 | D:3      | Reached skill level 5 in Axes
  1756 | D:3      | Found a radiant altar of Vehumet.
  2263 | D:4      | Found a large runed translucent door.
  2264 | D:4      | Found a large runed translucent door.
  2267 | D:4      | Noticed Pooter's ghost (amateur TrHu)
  2281 | D:4      | Reached XP level 6. HP: 37/39 MP: 7/7
  2294 | D:4      | Noticed Duvessa
  2306 | D:4      | Killed Duvessa
  2306 | D:4      | Slain by an ogre

Illustrated notes

Levels and vault maps discovered:
D:1:      amcnicky_arrival_single_pillar, layout_loops_cross
D:2:      layout_rooms, shapermc_ecumenical_altar_totnotflames,
          minmay_increasing_density
D:3:      minmay_spotlight, layout_basic, vehumet_altar_wand_db,
          nicolae_overflow_two_pavilions
D:4:      layout_cave_pools, ebering_ghost_disaster_area,
          nicolae_ossuary_entry_ruins, minmay_bent, uniq_crazy_yiuf_cottage,
          uniq_duvessa

Skill      XL: |  1  2  3  4  5 |
---------------+----------------+-----
Axes           | 3 4 5 |  5.9
Fighting       | 4 |  4.6
Armour         | |  3.2
Shields        | |  3.0

Action                     |  1- 3 |  4- 6 || total
---------------------------+-------+-------++-------
  Melee: War axe           |    65 |    72 ||   137
         Kick              |    13 |    23 ||    36
         Peck              |    10 |    10 ||    20
    Use: Scroll            |       |     3 ||     3
         Potion            |       |     1 ||     1
 Armour: Scale mail        |    32 |    17 ||    49
  Dodge: Dodged            |    29 |    31 ||    60
  Block: Buckler           |    19 |    11 ||    30

Table legend: (Time is in decaauts)
 A = Elapsed time spent in this place.
 B = Non-inter-level travel time spent in this place.
 C = Inter-level travel time spent in this place.
 D = Time resting spent in this place.
 E = Time spent auto-exploring this place.
 F = Levels seen in this place.
 G = Mean time per level.
                   A        B        C        D        E       F      G
               +--------+--------+--------+--------+--------+-----+--------+
         Total |   2245 |   2130 |    115 |    108 |   1585 |   4 |  561.2 |
       Dungeon |   2245 |   2130 |    115 |    108 |   1585 |   4 |  561.2 |
               +--------+--------+--------+--------+--------+-----+--------+

Top non-repeatable levels by time:
     D:3: 832 daAuts
     D:2: 764 daAuts
     D:1: 592 daAuts
     D:4: 55 daAuts
